Map: Honorgrounds LE

Players

MaSa - Winner!

  • Race: Terran Terran
  • Spawn Location: 5:00

uThermal

  • Race: Terran Terran
  • Spawn Location: 7:00

Event: WCS Austin 2017

VOD

Have the link to the VOD?

Description

Time

  • Played on: April 28, 2017, 5:33 p.m.
  • Length: 13:40

All games in this series

Show
View Real Time Build Order
Export as new Build Order

MaSa Terran - Winner!

Build Orders: Reaper Expand, MMM Bio 

Get SALT Encoding   

  12  0:00  SCV  
  13  0:12  SCV  
  14  0:18  Supply Depot  
  14  0:25  SCV  
  15  0:28  Refinery  
  15  0:39  SCV  
  16  0:45  Barracks  
  16  0:51  SCV  
  17  1:03  SCV  
  18  1:16  SCV  
  19  1:32  Reaper, Orbital Command  
  20  1:44  Command Center  
  20  1:56  Factory  
  20  2:00  SCV  
  21  2:06  Refinery  
  21  2:10  Barracks Reactor  
  21  2:13  SCV  
  22  2:19  Supply Depot  
  22  2:25  SCV  
  23  2:41  Starport, SCV  
  23  2:42  Hellion  
  26  2:47  Marine x2  
  28  2:54  SCV  
  29  3:00  Orbital Command  
  29  3:06  SCV  
  29  3:07  Factory Tech Lab  
  29  3:09  Marine  
  30  3:13  Marine  
  31  3:20  Viking  
  31  3:24  SCV  
  34  3:27  Factory Tech Lab  
  34  3:28  Marine  
  34  3:31  Marine  
  34  3:33  SCV  
  37  3:37  Supply Depot  
  37  3:44  SCV  
  37  3:46  Marine, SCV  
  40  3:48  Marine  
  40  3:53  Cyclone  
  44  3:57  Raven  
  44  4:01  Refinery, SCV  
  47  4:03  SCV  
  47  4:05  Marine  
  47  4:07  Marine  
  50  4:13  SCV  
  50  4:14  Supply Depot  
  51  4:21  SCV  
  51  4:26  Cyclone  
  48  4:31  SCV  
  48  4:35  SCV  
  42  4:43  SCV  
  43  4:47  SCV  
  43  4:50  Marine x2  
  43  4:51  Raven  
  48  4:55  SCV  
  48  4:59  SCV  
  50  5:03  Factory Tech Lab  
  50  5:07  SCV  
  50  5:08  Marine x2  
  50  5:11  SCV  
  54  5:19  Supply Depot, SCV  
  55  5:23  SCV  
  55  5:28  Command Center  
  56  5:29  Siege Tank  
  56  5:32  SCV  
  60  5:36  SCV  
  61  5:44  SCV  
  61  5:45  Viking x2  
  61  5:48  Supply Depot, Marine, SCV  
  61  5:49  Stimpack  
  68  5:57  Barracks  
  68  6:00  Barracks  
  68  6:02  SCV x2  
  70  6:10  Supply Depot, Marine  
  71  6:11  Supply Depot  
  71  6:12  Refinery  
  71  6:14  SCV  
  71  6:16  Viking  
  74  6:20  Viking  
  74  6:22  SCV  
  77  6:26  SCV  
  77  6:29  Engineering Bay  
  77  6:31  Engineering Bay, Marine  
  79  6:35  SCV  
  80  6:41  Supply Depot, Orbital Command  
  80  6:47  Barracks  
  80  6:48  Barracks Reactor  
  80  6:50  Barracks Reactor  
  80  6:51  Barracks  
  80  6:55  Viking  
  80  6:58  Viking  
  84  7:05  SCV x2  
  84  7:06  Missile Turret  
  86  7:10  SCV  
  86  7:11  Terran Infantry Armor Level 1  
  86  7:13  Terran Infantry Weapons Level 1  
  87  7:17  SCV  
  87  7:18  SCV  
  87  7:21  Orbital Command  
  90  7:23  Marine  
  90  7:24  Siege Tank  
  90  7:29  SCV  
  94  7:30  SCV  
  94  7:31  Medivac x2  
  99  7:37  Refinery, Marine x3  
  99  7:41  Refinery, SCV  
  99  7:42  Barracks Reactor, Missile Turret  
  99  7:43  Barracks Reactor  
  103  7:46  SCV  
  103  7:47  SCV  
  105  7:52  Supply Depot  
  105  7:53  SCV  
  105  7:55  Supply Depot  
  105  7:57  Marine x2  
  108  8:03  Marine x3  
  108  8:04  SCV  
  108  8:05  SCV  
  113  8:09  Supply Depot  
  113  8:14  Marine  
  113  8:15  Marine  
  113  8:18  Marine x2  
  113  8:19  Marine, Siege Tank  
  120  8:21  Combat Shields, Marine x3  
  120  8:22  SCV  
  120  8:23  SCV  
  120  8:25  SCV  
  127  8:28  Medivac  
  129  8:37  Marine x4  
  133  8:41  SCV x2  
  133  8:42  Supply Depot  
  133  8:43  Armory  
  133  8:44  Supply Depot  
  133  8:45  Marine x3  
  133  8:47  Medivac  
  140  8:49  Marine  
  140  8:53  Supply Depot  
  141  9:03  Marine x6  
  141  9:05  Marine  
  141  9:06  Marine x2  
  144  9:21  Marine x6  
  144  9:23  Marine x2  
  152  9:24  Marine  
  152  9:29  Medivac  
  152  9:30  Medivac  
  157  9:35  Supply Depot  
  157  9:48  Factory  
  157  9:50  Siege Tank, Marine x5  
  157  9:52  Terran Infantry Weapons Level 2  
  165  9:54  Barracks Reactor, Terran Infantry Armor Level 2  
  165  9:56  Marine  
  165  9:58  Marine x2  
  168  10:04  Medivac x2  
  172  10:08  Marine x2  
  172  10:09  Marine x2  
  172  10:12  Marine  
  172  10:13  Marine  
  178  10:20  Marine x2  
  180  10:26  Marine  
  181  10:34  Siege Tank  
  181  10:37  Marine x2  
  181  10:38  Marine x2  
  181  10:40  Siege Tank, Marine x3  
  181  10:47  Terran Vehicle Weapons Level 1  
  181  10:53  Supply Depot  
  181  10:54  Supply Depot  
  181  10:59  Medivac  
  181  11:06  Marine x2  
  181  11:07  Marine x3  
  181  11:08  Marine  
  181  11:09  Siege Tank  
  181  11:10  Marine x3  
  181  11:11  Marine  
  180  11:13  Siege Tank  
  155  11:21  Medivac  
  155  11:24  Marine x3  
  155  11:25  Marine x3  
  135  11:28  Medivac, Marine  
  135  11:32  Marine x3  
  143  11:41  Siege Tank  
  143  11:43  Marine  
  143  11:44  Marine x2  
  143  11:46  Siege Tank  
  149  11:48  Marine x2  
  149  11:49  Marine  
  149  11:51  Medivac  
  154  11:58  Medivac  
  154  12:10  Marine x7  
  154  12:13  Siege Tank  
  156  12:18  Siege Tank  
  156  12:21  Medivac  
  151  12:27  Command Center  
  151  12:28  Marine  
  152  12:30  Marine  
  151  12:37  Marine x2  
  151  12:39  Marine x2  
  151  12:41  Marine  
  156  12:45  Siege Tank  
  156  12:47  Marine  
  156  12:48  Marine x3  
  166  12:59  Marine  
  166  13:03  Marine x3  
  173  13:11  Marine x4  
  177  13:18  Marine  
Show
View Real Time Build Order
Export as new Build Order

uThermal Terran 

Build Orders: 1/1/1, Bio Tank 

Get SALT Encoding   

  12  0:01  SCV  
  13  0:13  SCV  
  14  0:18  Supply Depot  
  14  0:25  SCV  
  15  0:28  Refinery  
  15  0:39  SCV  
  16  0:46  Barracks  
  16  0:52  SCV  
  16  0:56  Refinery  
  17  1:04  SCV  
  18  1:16  SCV  
  19  1:33  Reaper  
  19  1:34  Orbital Command  
  19  1:38  Factory  
  20  1:48  Supply Depot  
  20  1:59  SCV  
  21  2:05  Reaper  
  22  2:11  SCV  
  22  2:13  Supply Depot  
  25  2:23  Hellion  
  25  2:27  Starport  
  25  2:30  SCV  
  26  2:38  Reaper  
  26  2:42  SCV  
  30  2:44  Hellion  
  30  2:48  Supply Depot  
  30  2:54  SCV  
  33  3:05  Hellion  
  33  3:09  Medivac  
  33  3:10  Reaper  
  36  3:24  Command Center  
  36  3:28  Hellion  
  36  3:31  SCV  
  39  3:39  Viking  
  41  3:42  Barracks Tech Lab  
  41  3:44  SCV  
  42  3:50  Factory Tech Lab, Supply Depot  
  42  3:56  SCV  
  43  4:08  SCV  
  44  4:13  Barracks Reactor  
  44  4:20  SCV  
  41  4:32  SCV  
  41  4:35  Raven  
  42  4:39  Orbital Command  
  42  4:44  SCV  
  39  4:50  Marine x2  
  39  4:52  Command Center  
  38  4:56  SCV  
  38  4:58  Siege Tank  
  41  5:05  SCV  
  42  5:07  Marine  
  42  5:08  Marine, SCV  
  45  5:17  SCV  
  45  5:18  Viking  
  45  5:20  SCV  
  49  5:22  Refinery  
  49  5:23  Refinery  
  49  5:25  Marine x2  
  51  5:30  SCV  
  51  5:34  SCV  
  53  5:36  Supply Depot  
  53  5:42  SCV  
  54  5:46  SCV  
  54  5:47  Siege Tank  
  60  5:54  SCV  
  59  5:57  Barracks  
  59  5:58  SCV  
  59  6:00  Barracks  
  59  6:04  Orbital Command  
  60  6:05  Starport Reactor, Barracks x2  
  60  6:06  Marine, SCV  
  62  6:17  Engineering Bay  
  62  6:19  Engineering Bay, SCV  
  62  6:22  Stimpack  
  62  6:24  Marine, SCV  
  65  6:28  Siege Tank  
  65  6:31  Orbital Command  
  68  6:33  SCV  
  68  6:36  SCV  
  70  6:42  Marine  
  70  6:47  Terran Infantry Armor Level 1, Terran Infantry Weapons Level 1  
  71  6:48  SCV x2  
  71  6:50  Marine x2  
  71  6:51  Starport Reactor  
  71  6:52  Barracks Reactor  
  71  6:53  Barracks Reactor  
  75  6:55  Marine  
  75  6:57  SCV  
  75  7:01  Siege Tank  
  81  7:04  Marine  
  81  7:05  Supply Depot  
  82  7:10  Marine x2, SCV  
  82  7:13  Missile Turret  
  82  7:14  Marine  
  82  7:15  Missile Turret  
  83  7:17  SCV  
  83  7:21  SCV  
  82  7:23  SCV  
  82  7:24  Marine x2  
  82  7:28  Supply Depot, Marine  
  82  7:29  SCV  
  87  7:30  Marine  
  87  7:33  Siege Tank, SCV  
  87  7:35  Medivac  
  94  7:37  Medivac  
  94  7:39  SCV  
  94  7:41  Marine, SCV  
  99  7:45  SCV  
  99  7:49  Armory  
  100  7:51  Refinery x2, SCV  
  100  7:52  Supply Depot  
  100  7:53  Marine, SCV  
  100  7:54  Marine  
  100  7:55  Marine  
  105  7:58  Marine  
  105  7:59  Supply Depot  
  105  8:04  Marine  
  105  8:05  Medivac, Marine  
  109  8:09  SCV  
  109  8:13  Factory, Medivac, Marine x2  
  109  8:14  Marine, SCV  
  109  8:15  Marine  
  109  8:16  Marine  
  109  8:17  Marine  
  117  8:22  Siege Tank  
  117  8:25  Supply Depot, SCV  
  117  8:26  Marine, SCV  
  123  8:29  Marine x2  
  125  8:38  Supply Depot  
  125  8:39  Supply Depot  
  125  8:43  Terran Infantry Weapons Level 2  
  125  8:45  Supply Depot x2  
  125  8:47  Marine  
  125  8:48  Sensor Tower  
  126  8:49  Marine, SCV  
  126  8:53  Marine x2  
  129  8:57  Supply Depot, SCV  
  129  8:58  Marine  
  129  8:59  Marine  
  132  9:05  SCV  
  132  9:06  SCV  
  132  9:07  Marine  
  132  9:09  SCV  
  136  9:16  Marine x2  
  125  9:17  SCV  
  125  9:18  SCV  
  125  9:19  Marine  
  125  9:21  Marine, SCV  
  125  9:23  Terran Infantry Armor Level 2  
  126  9:25  Supply Depot  
  126  9:26  Terran Vehicle Weapons Level 1  
  126  9:29  Marine, SCV  
  126  9:30  SCV  
  124  9:32  Marine x3  
  124  9:36  Factory Tech Lab, Marine  
  124  9:37  Marine  
  128  9:40  Medivac  
  128  9:43  Medivac  
  128  9:45  Marine  
  130  9:51  Marine  
  130  9:52  Combat Shields  
  126  9:53  Marine  
  126  9:54  Siege Tank  
  126  9:58  Marine  
  130  10:01  Marine  
  130  10:02  Marine  
  130  10:05  Siege Tank  
  135  10:07  Marine  
  135  10:10  Medivac  
  135  10:12  Marine x2  
  135  10:13  Medivac  
  140  10:22  Marine x2  
  140  10:25  Marine  
  140  10:26  Marine  
  141  10:30  Siege Tank  
  141  10:31  Supply Depot x2, Marine x2  
  141  10:35  Marine  
  147  10:40  Medivac  
  147  10:41  Marine  
  147  10:42  Marine  
  121  10:43  Marine x3  
  121  10:47  Siege Tank  
  121  10:49  Marine x2  
  125  10:53  Marine x2  
  127  10:59  Marine  
  127  11:01  Marine x2  
  127  11:02  Siege Tank  
  133  11:07  Marine x2  
  124  11:16  Marine  
  94  11:22  Marine x2  
  94  11:23  Marine  
  91  11:26  Medivac x2, Marine  
  91  11:28  Siege Tank  
  91  11:31  Marine x2  
  99  11:40  Marine  
  99  11:41  Marine  
  99  11:42  Marine  
  99  11:44  Marine x2  
  104  11:50  Marine  
  105  11:54  Siege Tank  
  108  12:04  Marine x4  
  108  12:05  Marine  
  105  12:11  Marine x2  
  105  12:15  Marine  
  99  12:17  Marine  
  99  12:21  Marine  
  99  12:22  Marine  
  102  12:26  Marine x2  
  104  12:31  Marine x2  
  104  12:32  Orbital Command  
  104  12:35  Marine  
  107  12:38  Marine  
  108  12:47  Marine x3  
  109  12:52  Marine  
  104  13:00  Marine  
  104  13:01  Medivac  
  104  13:04  Medivac  
  109  13:05  Marine  
  109  13:09  Marine  
  109  13:12  Marine  
  112  13:21  Marine  
Tags
 
Add a new tag
Caveats
  • Supply blocks, unpowered buildings, or Contaminate may cause inaccurate times.
  • Supply counts are checked every 10 seconds.